APL (24 & UNDER)
SCOTTSDALE SCORPIONS @ EL PASO TEXANS
08/18/2030
 
TOP OF THE 1ST
Scottsdale Scorpions batting - Pitching for El Paso Texans : LHP Jeffery Cleveland
Pitching: LHP Jeffery Cleveland
Batting: RHB Mike Hall 0-0: Swinging Strike
0-1: Foul Ball, location: 2F
0-2: Strikes out looking
Batting: RHB José Martínez 0-0: Ball
1-0: Ball
2-0: Ball
3-0: Base on Balls
Batting: RHB Randy Banks 0-0: Called Strike
José Martínez steals 2nd base
0-1: Ground out 4-3 (Groundball, 4)
José Martínez to third
Batting: LHB Tony Ayala 0-0: Called Strike
0-1: Called Strike
0-2: Foul Ball, location: 2F
0-2: Strikes out swinging
Top of the 1st over - 0 runs, 0 hits, 0 errors, 1 left on base; Scottsdale 0 - El Paso 0
BOTTOM OF THE 1ST
El Paso Texans batting - Pitching for Scottsdale Scorpions : RHP Pablo Martínez
Pitching: RHP Pablo Martínez
Batting: SHB António Cervantes 0-0: Ball
1-0: Ball
2-0: Ball
3-0: Called Strike
3-1: Foul Ball, location: 2F
3-2: Foul Ball, location: 2F
3-2: Base on Balls
Batting: LHB António Fonseca 0-0: Called Strike
0-1: Ball
1-1: Called Strike
1-2: Foul Ball, location: 2F
1-2: Ball
2-2: Ball
3-2: Foul Ball, location: 2F
3-2: Base on Balls
António Cervantes to second
Batting: LHB Ramón Ortega 0-0: Ball
1-0: Ball
2-0: Ball
3-0: Base on Balls
António Cervantes to third
António Fonseca to second
Batting: LHB Cipriano Rangel 0-0: Ball
1-0: Fly out, F8 (Flyball, 8RD)
Runner from 3rd tags up, OUT at HOME
António Fonseca to third
Ramón Ortega to second
Batting: RHB Kereje Zuka 0-0: Called Strike
0-1: Ball
1-1: Swinging Strike
1-2: Fly out, F3 (Line Drive, 34)
Bottom of the 1st over - 0 runs, 0 hits, 0 errors, 2 left on base; Scottsdale 0 - El Paso 0
TOP OF THE 2ND
Scottsdale Scorpions batting - Pitching for El Paso Texans : LHP Jeffery Cleveland
Batting: SHB Luis López 0-0: Ball
1-0: Ball
2-0: Foul Ball, location: 2F
2-1: Foul Ball, location: 2F
2-2: Strikes out swinging
Batting: RHB Dean Oglethorpe 0-0: Ball
1-0: Ball
2-0: Ball
3-0: Base on Balls
Batting: RHB Robinson Fernández 0-0: Ball
1-0: Ground out 4-3 (Groundball, 34)
Dean Oglethorpe to second
Batting: RHB Rob Johnston 0-0: Ground out 6-3 (Groundball, 6)
Top of the 2nd over - 0 runs, 0 hits, 0 errors, 1 left on base; Scottsdale 0 - El Paso 0
BOTTOM OF THE 2ND
El Paso Texans batting - Pitching for Scottsdale Scorpions : RHP Pablo Martínez
Batting: RHB Chris Smith 0-0: Fly out, F9 (Flyball, 89D)
Batting: RHB Manny Holguín 0-0: Swinging Strike
0-1: Reached on error, E5 (Groundball, 56)
Batting: RHB Ed McVinish 0-0: Ball
1-0: Called Strike
Manny Holguín steals 3rd base
1-1: Foul Ball, location: 2F
1-2: Ball
2-2: Strikes out swinging
Batting: LHB Gus Price 0-0: Ball
1-0: Called Strike
1-1: Called Strike
1-2: Ground out 3-1 (Groundball, 34)
Bottom of the 2nd over - 0 runs, 0 hits, 1 error, 1 left on base; Scottsdale 0 - El Paso 0
TOP OF THE 3RD
Scottsdale Scorpions batting - Pitching for El Paso Texans : LHP Jeffery Cleveland
Batting: RHB Jeff McQueen 0-0: Ball
1-0: SOLO HOME RUN (Flyball, 7D), Distance : 397 ft
Batting: RHB Mike Hall 0-0: Swinging Strike
0-1: Ball
1-1: Ball
2-1: Ball
3-1: Foul Ball, location: 2F
3-2: Strikes out swinging
Batting: RHB José Martínez 0-0: Foul Ball, location: 2F
0-1: Ball
1-1: Ball
2-1: Swinging Strike
2-2: Strikes out looking
Batting: RHB Randy Banks 0-0: Swinging Strike
0-1: Ground out 5-3 (Groundball, 5S)
Top of the 3rd over - 1 run, 1 hit, 0 errors, 0 left on base; Scottsdale 1 - El Paso 0
BOTTOM OF THE 3RD
El Paso Texans batting - Pitching for Scottsdale Scorpions : RHP Pablo Martínez
Batting: SHB António Cervantes 0-0: Called Strike
0-1: Foul Ball, location: 2F
0-2: Ball
1-2: Foul Ball, location: 2F
1-2: Foul Ball, location: 2F
1-2: Foul Ball, location: 2F
1-2: Ball
2-2: Ball
3-2: Foul Ball, location: 2F
3-2: SINGLE (Line Drive, 89S)
Batting: LHB António Fonseca 0-0: Ball
1-0: Fly out, F9 (Line Drive, 89M)
Batting: LHB Ramón Ortega 0-0: Fly out, F7 (Flyball, 7LS)
Batting: LHB Cipriano Rangel 0-0: Ball
1-0: Ball
2-0: Ball
3-0: Base on Balls
António Cervantes to second
Batting: RHB Kereje Zuka 0-0: Called Strike
0-1: Ground out 4-3 (Groundball, 4)
Bottom of the 3rd over - 0 runs, 1 hit, 0 errors, 2 left on base; Scottsdale 1 - El Paso 0
TOP OF THE 4TH
Scottsdale Scorpions batting - Pitching for El Paso Texans : LHP Jeffery Cleveland
Batting: LHB Tony Ayala 0-0: SOLO HOME RUN (Flyball, 9LD), Distance : 351 ft
Batting: SHB Luis López 0-0: Ball
1-0: Ball
2-0: Called Strike
2-1: SINGLE (Groundball, 4S) (infield hit)
Batting: RHB Dean Oglethorpe 0-0: Ball
1-0: Foul Ball, location: 2F
1-1: Ball
2-1: Foul Ball, location: 2F
2-2: Ball
3-2: Base on Balls
Luis López to second
Batting: RHB Robinson Fernández 0-0: Ball
1-0: Ball
2-0: Foul Ball, location: 2F
2-1: SINGLE (Line Drive, 6MD)
Luis López to third
Dean Oglethorpe to second
Runner from 3rd tries for Home, SAFE, throw made home
Batting: RHB Rob Johnston 0-0: Ball
Dean Oglethorpe steals 3rd base
Robinson Fernández to second
1-0: Foul Ball, location: 2F
1-1: Fly out, F7 (Flyball, 7S)
Batting: RHB Jeff McQueen 0-0: Ball
1-0: Foul Ball, location: 2F
1-1: 3-RUN HOME RUN (Line Drive, 9D), Distance : 391 ft
Batting: RHB Mike Hall 0-0: Reached on error, E1 (Groundball, 13S)
Batting: RHB José Martínez 0-0: Called Strike
0-1: Swinging Strike
0-2: Grounds into double play, 6-4-3 (Groundball, 6)
Top of the 4th over - 5 runs, 4 hits, 1 error, 0 left on base; Scottsdale 6 - El Paso 0
BOTTOM OF THE 4TH
El Paso Texans batting - Pitching for Scottsdale Scorpions : RHP Pablo Martínez
Batting: RHB Chris Smith 0-0: Ball
1-0: Foul Ball, location: 2F
1-1: SINGLE (Flyball, 78M)
Batting: RHB Manny Holguín 0-0: Ball
1-0: Ground out 5-3 (Groundball, 56S)
Chris Smith to second
Batting: RHB Ed McVinish 0-0: Ball
1-0: Ground out 1-3 (Groundball, 13)
Chris Smith to third
Batting: LHB Gus Price 0-0: Swinging Strike
0-1: Foul Ball, location: 2F
0-2: Ball
1-2: Ball
2-2: Strikes out swinging, 2-3 out at first.
Bottom of the 4th over - 0 runs, 1 hit, 0 errors, 1 left on base; Scottsdale 6 - El Paso 0
TOP OF THE 5TH
Scottsdale Scorpions batting - Pitching for El Paso Texans : LHP Jeffery Cleveland
Batting: RHB Randy Banks 0-0: Fly out, F9 (Flyball, 9)
Batting: LHB Tony Ayala 0-0: Ball
1-0: Fly out, F9 (Line Drive, 89M)
Batting: SHB Luis López 0-0: Ground out U3 (Groundball, 3)
Top of the 5th over - 0 runs, 0 hits, 0 errors, 0 left on base; Scottsdale 6 - El Paso 0
BOTTOM OF THE 5TH
El Paso Texans batting - Pitching for Scottsdale Scorpions : RHP Pablo Martínez
Batting: SHB António Cervantes 0-0: Ball
1-0: Foul Ball, location: 2F
1-1: Ball
2-1: Ground out 4-3 (Groundball, 4D)
Batting: LHB António Fonseca 0-0: Foul Ball, location: 2F
0-1: Ball
1-1: Foul Ball, location: 2F
1-2: Ball
2-2: Ball
3-2: DOUBLE (Line Drive, 9LM)
Batting: LHB Ramón Ortega 0-0: Swinging Strike
0-1: Ball
1-1: Foul Ball, location: 2F
1-2: DOUBLE (Line Drive, 9LM)
António Fonseca scores
Batting: LHB Cipriano Rangel 0-0: Ground out 3-1 (Groundball, 34)
Ramón Ortega to third
Batting: RHB Kereje Zuka 0-0: Ball
1-0: Foul Ball, location: 2F
1-1: Swinging Strike
1-2: Strikes out swinging
Bottom of the 5th over - 1 run, 2 hits, 0 errors, 1 left on base; Scottsdale 6 - El Paso 1
TOP OF THE 6TH
Scottsdale Scorpions batting - Pitching for El Paso Texans : LHP Jeffery Cleveland
Pitching: RHP Derek Baker
Batting: RHB Dean Oglethorpe 0-0: Ball
1-0: Foul Ball, location: 2F
1-1: Called Strike
1-2: Ball
2-2: Foul Ball, location: 2F
2-2: Ball
3-2: Fly out, F1 (Line Drive, 15)
Batting: RHB Robinson Fernández 0-0: Foul Ball, location: 2F
0-1: Ball
1-1: Ball
2-1: Ball
3-1: Base on Balls
Batting: RHB Rob Johnston 0-0: Called Strike
0-1: Called Strike
0-2: Strikes out swinging
Batting: RHB Jeff McQueen 0-0: Swinging Strike
0-1: Called Strike
Robinson Fernández is caught stealing 2nd base
Top of the 6th over - 0 runs, 0 hits, 0 errors, 0 left on base; Scottsdale 6 - El Paso 1
BOTTOM OF THE 6TH
El Paso Texans batting - Pitching for Scottsdale Scorpions : RHP Pablo Martínez
Pitching: RHP Jaime Morín
Batting: RHB Chris Smith 0-0: Called Strike
0-1: Foul Ball, location: 2F
0-2: Strikes out swinging
Batting: RHB Manny Holguín 0-0: SINGLE (Groundball, 56S) (infield hit)
Batting: RHB Ed McVinish 0-0: Ball
1-0: Called Strike
Throwing error on steal attempt, E2
Manny Holguín to third
1-1: Ground out 4-3 (Groundball, 4)
Manny Holguín scores
Batting: LHB Gus Price 0-0: Ball
1-0: Ball
2-0: Ball
3-0: Base on Balls
Batting: SHB António Cervantes 0-0: Ball
1-0: Ball
2-0: Called Strike
2-1: Ball
3-1: Foul Ball, location: 2F
3-2: Strikes out looking
Bottom of the 6th over - 1 run, 1 hit, 1 error, 1 left on base; Scottsdale 6 - El Paso 2
TOP OF THE 7TH
Scottsdale Scorpions batting - Pitching for El Paso Texans : RHP Derek Baker
Batting: RHB Jeff McQueen 0-0: Ball
1-0: Ball
2-0: Ball
3-0: Base on Balls
Batting: RHB Mike Hall 0-0: Bunted foul
0-1: Ball
1-1: Sac Bunt - play at first, batter OUT! 1-4
Jeff McQueen to second
Batting: RHB José Martínez 0-0: Ball
1-0: Ball
2-0: Ball
3-0: Called Strike
3-1: Base on Balls
Batting: RHB Randy Banks 0-0: Fly out, F8 (Flyball, 89XD)
Runner from 2nd tags up, SAFE at 3rd, no throw
Batting: LHB Tony Ayala 0-0: Ball
José Martínez is caught stealing 2nd base
Top of the 7th over - 0 runs, 0 hits, 0 errors, 1 left on base; Scottsdale 6 - El Paso 2
BOTTOM OF THE 7TH
El Paso Texans batting - Pitching for Scottsdale Scorpions : RHP Jaime Morín
Batting: LHB António Fonseca 0-0: Ground out 5-3 (Groundball, 5)
Batting: LHB Ramón Ortega 0-0: Ball
1-0: Ground out 3-1 (Groundball, 34)
Batting: LHB Cipriano Rangel 0-0: Swinging Strike
0-1: Ball
1-1: Fly out, F4 (Popup, 4M)
Bottom of the 7th over - 0 runs, 0 hits, 0 errors, 0 left on base; Scottsdale 6 - El Paso 2
TOP OF THE 8TH
Scottsdale Scorpions batting - Pitching for El Paso Texans : RHP Derek Baker
Batting: LHB Tony Ayala 0-0: Ball
1-0: Foul Ball, location: 2F
1-1: Fly out, F7 (Flyball, 7S)
Batting: SHB Luis López 0-0: Ball
1-0: Foul Ball, location: 2F
1-1: Ball
2-1: Called Strike
2-2: Ball
3-2: Foul Ball, location: 2F
3-2: Fly out, F5 (Popup, 5S)
Batting: RHB Dean Oglethorpe 0-0: Foul Ball, location: 2F
0-1: Swinging Strike
0-2: Ground out 6-3 (Groundball, 6)
Top of the 8th over - 0 runs, 0 hits, 0 errors, 0 left on base; Scottsdale 6 - El Paso 2
BOTTOM OF THE 8TH
El Paso Texans batting - Pitching for Scottsdale Scorpions : RHP Jaime Morín
Batting: RHB Kereje Zuka 0-0: SINGLE (Groundball, 6M) (infield hit)
Batting: RHB Chris Smith 0-0: Called Strike
0-1: Foul Ball, location: 2F
0-2: Foul Ball, location: 2F
0-2: Strikes out looking
Batting: RHB Manny Holguín 0-0: Ball
1-0: Called Strike
1-1: Ball
2-1: Swinging Strike
2-2: Strikes out swinging
Batting: RHB Ed McVinish 0-0: Ball
1-0: Ball
2-0: Swinging Strike
2-1: Called Strike
2-2: Strikes out swinging
Bottom of the 8th over - 0 runs, 1 hit, 0 errors, 1 left on base; Scottsdale 6 - El Paso 2
TOP OF THE 9TH
Scottsdale Scorpions batting - Pitching for El Paso Texans : RHP Derek Baker
Pitching: RHP Mark Thompson
Batting: RHB Robinson Fernández 0-0: Called Strike
0-1: Ball
1-1: Ball
2-1: Foul Ball, location: 2F
2-2: Ball
3-2: Base on Balls
Batting: RHB Rob Johnston 0-0: Called Strike
0-1: Ball
1-1: Ball
2-1: Fly out, F9 (Line Drive, 89S)
Batting: RHB Jeff McQueen 0-0: Ball
Robinson Fernández steals 2nd base
1-0: Called Strike
1-1: Ball
2-1: Called Strike
2-2: Ball
3-2: Base on Balls
Batting: RHB Mike Hall 0-0: Ball
1-0: Ball
2-0: Ball
3-0: Base on Balls
Robinson Fernández to third
Jeff McQueen to second
Batting: RHB José Martínez 0-0: Ball
1-0: Ball
2-0: Foul Ball, location: 2F
2-1: Swinging Strike
2-2: Strikes out swinging
Batting: RHB Randy Banks 0-0: Foul Ball, location: 2F
0-1: Foul Ball, location: 2F
0-2: Ball
1-2: Ground out 4-3 (Groundball, 4)
Top of the 9th over - 0 runs, 0 hits, 0 errors, 3 left on base; Scottsdale 6 - El Paso 2
BOTTOM OF THE 9TH
El Paso Texans batting - Pitching for Scottsdale Scorpions : RHP Jaime Morín
Batting: LHB Gus Price 0-0: Called Strike
0-1: Ball
1-1: Foul Ball, location: 2F
1-2: DOUBLE (Flyball, 89D)
Batting: SHB António Cervantes 0-0: Ball
1-0: Foul Ball, location: 2F
1-1: Ball
2-1: DOUBLE (Line Drive, 89XD)
Gus Price scores
Pitching: RHP José Zamora
Batting: LHB António Fonseca 0-0: Ball
1-0: Foul Ball, location: 2F
1-1: Swinging Strike
1-2: Strikes out looking
Batting: LHB Ramón Ortega 0-0: Foul Ball, location: 2F
0-1: Foul Ball, location: 2F
0-2: Ball
1-2: Foul Ball, location: 2F
1-2: Strikes out swinging
Batting: LHB Cipriano Rangel 0-0: Called Strike
0-1: Ball
1-1: Ground out 6-3 (Groundball, 6)
Bottom of the 9th over - 1 run, 2 hits, 0 errors, 1 left on base; Scottsdale 6 - El Paso 3
Saturday, April 7th, 2018 - OOTP Baseball 18.8 Build 76